 Dungeon Crawl Stone Soup version 0.26.0-45-g9c1d065592 (webtiles) character file.

Game seed: 17616400235555807274

1775 drevil the Chopper (level 8, -12/74 HPs)
             Began as a Minotaur Berserker on Feb 1, 2021.
             Was an Elder of Trog.
             Killed from afar by an electric eel (13 damage)
             ... with a bolt of electricity
             ... on level 7 of the Dungeon.
             The game lasted 00:06:51 (6033 turns).

drevil the Chopper (Minotaur Berserker)             Turns: 6033, Time: 00:06:51

Health: -12/74     AC:  6    Str: 23    XL:     8   Next: 80%
Magic:  7/7        EV: 15    Int:  4    God:    Trog [****..]
Gold:   398        SH:  5    Dex: 11    Spells: 7/7 levels left

rFire    x . .     SeeInvis .   A - +3 hand axe
rCold    + . .     Faith    .   (no shield)
rNeg     . . .     Spirit   .   b - +1 animal skin
rPois    .         Reflect  +   (helmet restricted)
rElec    .         Harm     .   (no cloak)
rCorr    .         Rampage  .   (no gloves)
Will     .....                  n - +2 pair of boots
Stlth    +.........             q - amulet of reflection
HPRegen  0.22/turn              g - +4 ring of slaying
MPRegen  0.10/turn              v - ring of ice

@: very slow
A: retaliatory headbutt, horns 2
a: Renounce Religion, Berserk, Trog's Hand, Brothers in Arms


You were on level 7 of the Dungeon.
You worshipped Trog.
Trog was greatly pleased with you.
You visited 1 branch of the dungeon, and saw 7 of its levels.

You collected 398 gold pieces.

Inventory:

Hand Weapons
 a - a +0 hand axe
 A - a +3 hand axe (weapon)
Armour
 b - a +1 animal skin (worn)
 n - a +2 pair of boots (worn)
Jewellery
 g - a +4 ring of slaying (left hand)
 q - an amulet of reflection (around neck)
 t - an uncursed ring of wizardry
 v - a ring of ice (right hand)
 C - an uncursed amulet of regeneration {unknown}
Scrolls
 d - 3 scrolls of identify
 f - 4 scrolls of enchant armour
 h - 2 scrolls of enchant weapon {unknown}
 i - 3 scrolls of teleportation {unknown}
 j - a scroll of blinking {unknown}
 m - a scroll of noise {unknown}
 r - 3 scrolls of fog {unknown}
 s - a scroll of silence {unknown}
 u - 2 scrolls of magic mapping {unknown}
 w - 2 scrolls of remove curse {unknown}
 y - a scroll of fear {unknown}
 z - 2 scrolls of immolation {unknown}
 B - a scroll of brand weapon {unknown}
Potions
 c - 8 potions of curing
 e - 4 potions of haste {unknown}
 k - 2 potions of might {unknown}
 l - a potion of brilliance {unknown}
 o - a potion of cancellation {unknown}
 p - a potion of lignification {unknown}
 x - a potion of invisibility {unknown}
 D - 2 potions of heal wounds {unknown}


   Skills:
 + Level 7.7 Fighting
 + Level 7.7 Axes
 + Level 7.2 Armour
 + Level 6.6 Dodging


You had 7 spell levels left.
You didn't know any spells.
Your spell library was empty.

Dungeon Overview and Level Annotations

Branches:
Dungeon (7/15)             Temple (0/1) D:5

Altars:
Cheibriados
Dithmenos
Okawaru
Ru
Sif Muna
Trog
Wu Jian
Xom
Zin


Innate Abilities, Weirdness & Mutations

You reflexively headbutt those who attack you in melee.
You have a pair of horns on your head.


Message History

The bolt of electricity hits you! x2
You take 23 damage, and have 33/74 hp.
MASSIVE DAMAGE!!
You are too injured to fight recklessly!
You are too injured to fight recklessly!
You are too injured to fight recklessly!
You are too injured to fight recklessly!
You barely miss the electric eel. You hit the plant.
The electric eel shoots out a bolt of lightning at you!
The bolt of electricity hits you! x2
* * * LOW HITPOINT WARNING * * *
You take 18 damage, and have 15/74 hp.
MASSIVE DAMAGE!!
You hit the electric eel. Your headbutt misses the electric eel.
The electric eel is moderately wounded.
You hit the plant.
Your unstable footing causes you to fumble your attack.
The electric eel shoots out a bolt of lightning at you!
The bolt of electricity hits you!
* * * LOW HITPOINT WARNING * * *
The bolt of electricity hits you!
You die...

# ###. .## .≈..#
..# ≈ PPP≈P###.#
#♣≈
≈≈≈≈≈≈≈.P≈≈.##..≈
≈P≈♣≈≈≈P≈PP.#.#♣≈
P.P≈♣≈♣≈P.P...<♣
#PPP♣≈≈≈@≈P####..
#≈≈≈≈♣♣;≈≈≈....># #
###≈≈♣≈≈≈≈PP.#####
#.####PP≈≈♣≈≈≈≈≈.##
#.#P≈P.≈≈♣≈≈≈≈≈≈.#
#...P≈≈≈♣≈P..##..#
#≈P≈≈♣≈≈P≈P####...#
#P≈PP≈.≈≈### #....#
#.≈PP≈≈### #<##...
≈≈P


You could see an electric eel.

Vanquished Creatures
  2 ice beasts
  An orc warrior (D:5)
  A sky beast (D:7)
  2 ogres (D:5)
  A phantom (D:5)
  A centaur (D:5)
  A bullfrog (D:6)
  A scorpion (D:6)
  3 wights (D:6)
  An electric eel (D:7)
  A quasit (D:6)
  3 hounds
  A centaur zombie (D:6)
  A jelly (D:5)
  Crazy Yiuf (D:2)
  2 orc priests
  3 orc wizards
  A bullfrog skeleton (D:5)
  An iron imp (D:6)
  Jessica (D:2)
  An iguana (D:5)
  Terence (D:2)
  4 worker ants
  A howler monkey zombie (D:3)
  A howler monkey skeleton (D:5)
  3 adders
  2 shadow imps (D:5)
  An ooze (D:2)
  3 worms
  A dart slug (D:1)
  6 leopard geckos
  19 orcs
  11 bats
  5 giant cockroaches
  8 goblins
  6 hobgoblins
  6 jackals
  12 kobolds
  5 quokkas
  2 ball pythons
  5 frilled lizards
  A leopard gecko skeleton (D:7)
  11 rats
144 creatures vanquished.

Vanquished Creatures (others)
  23 plants (D:7)
23 creatures vanquished.

Grand Total: 167 creatures vanquished

Notes
Turn   | Place    | Note
-------+----------+-------------------------------------------
     0 | D:1      | drevil the Minotaur Berserker began the quest for the Orb.
     0 | D:1      | Reached XP level 1. HP: 19/19 MP: 0/0
   114 | D:1      | Reached XP level 2. HP: 26/27 MP: 1/1
   366 | D:1      | Reached XP level 3. HP: 29/33 MP: 2/2
   622 | D:1      | Reached ** piety under Trog
   836 | D:2      | Found an iron altar of Okawaru.
  1286 | D:2      | Noticed Terence
  1301 | D:2      | Killed Terence
  1302 | D:2      | Reached XP level 4. HP: 5/41 MP: 3/3
  1891 | D:2      | Noticed Jessica
  1900 | D:2      | Killed Jessica
  2013 | D:2      | Found a runed translucent door.
  2014 | D:2      | Noticed Crazy Yiuf
  2024 | D:2      | Killed Crazy Yiuf
  2025 | D:2      | Reached XP level 5. HP: 47/47 MP: 4/4
  2155 | D:3      | Reached *** piety under Trog
  2654 | D:3      | Noticed an angel
  2655 | D:3      | Found a shimmering altar of Xom.
  2655 | D:3      | Found a glowing silver altar of Zin.
  2663 | D:3      | Reached skill level 5 in Fighting
  2663 | D:3      | Reached skill level 5 in Axes
  2734 | D:3      | Reached XP level 6. HP: 56/56 MP: 5/5
  3354 | D:4      | You fall into a shaft and drop 1 floor!
  3354 | D:5      | Entered Level 5 of the Dungeon
  3355 | D:5      | Noticed an ice beast
  3360 | D:5      | Killed an ice beast
  3439 | D:5      | Reached skill level 5 in Armour
  3439 | D:5      | Reached XP level 7. HP: 47/62 MP: 6/6
  4126 | D:5      | Reached skill level 5 in Dodging
  4216 | D:5      | Found a staircase to the Ecumenical Temple.
  4308 | D:5      | Reached **** piety under Trog
  4585 | D:5      | Found a shadowy altar of Dithmenos.
  4588 | D:5      | Found an ornate altar of the Wu Jian Council.
  4591 | D:5      | Found a sacrificial altar of Ru.
  4640 | D:5      | Reached XP level 8. HP: 71/71 MP: 7/7
  4872 | D:6      | Found a snail-covered altar of Cheibriados.
  4989 | D:6      | Found a bloodstained altar of Trog.
  5485 | D:6      | Found a shimmering blue altar of Sif Muna.
  6033 | D:7      | HP: 1/74 [electric eel/bolt of electricity (15)]
  6033 | D:7      | Killed from afar by an electric eel

Illustrated notes

Levels and vault maps discovered:
D:1:      dpeg_arrival_three_same_balls, layout_rooms
D:2:      layout_loops_corners, okawaru_metal_pillars_3,
          uniq_crazy_yiuf_cottage, uniq_jessica, uniq_terence
D:3:      layout_basic, grunt_temple_overflow_order_and_chaos_1
D:4:      layout_cave_pools, serial_shops, shop_fountains,
          kennysheep_pointless_box
D:5:      layout_cave_pods, grunt_temple_overflow_diamond,
          minmay_temple_entry_poolview, guppyfry_early_orc_mine
D:6:      layout_basic, lemuel_blue_sif_altar, slow_altar_1, trog_book
D:7:      layout_rooms, serial_bayou, serial_bayou_lagoon_a,
          serial_bayou_ford_a, serial_bayou_pond_c, serial_bayou_pond_e,
          serial_bayou_crossing, hangedman_decor_push, uniq_prince_ribbit1,
          uniq_duvessa

Skill      XL: |  1  2  3  4  5  6  7  8 |
---------------+-------------------------+-----
Fighting       | 4 5 6 7 |  7.7
Axes           | 4 5 6 7 |  7.7
Armour         | 3 4 5 6 7 |  7.2
Dodging        | 3 4 5 6 |  6.6

Action                   |  1- 3 |  4- 6 |  7- 9 || total
-------------------------+-------+-------+-------++-------
Melee: Hand axe          |   102 |   118 |   108 ||   328
       Headbutt          |    11 |    21 |    25 ||    57
Invok: Berserk           |       |     2 |     2 ||     4
  Use: Scroll            |       |       |     5 ||     5
Armor: Animal skin       |    11 |    29 |    19 ||    59
Dodge: Dodged            |    68 |    76 |    80 ||   224
Block: Other             |       |       |    18 ||    18
       Reflection        |       |       |     1 ||     1
